AA - U28
ARKANSAS TRAVELERS @ ROCKET CITY TRASH PANDAS
05/04/2063
 
TOP OF THE 1ST
Montgomery Biscuits batting - Pitching for Jacksonville Jumbo Shrimp : LHP Arno Calip
Pitching: LHP Arno Calip
Batting: RHB Jeff Fulbright 0-0: Called Strike
0-1: Swinging Strike
0-2: Ball
1-2: Foul Ball, location: 2F
1-2: Foul Ball, location: 2F
1-2: Foul Ball, location: 2F
1-2: Foul Ball, location: 2F
1-2: Foul Ball, location: 2F
1-2: Foul Ball, location: 2F
1-2: Ground out 4-3 (Groundball, 4, EV 86.9 MPH)
Batting: LHB Jace Jones 0-0: Ball
1-0: Fly out, F8 (Flyball, 89M, EV 96.2 MPH)
Batting: RHB Sal Arias 0-0: Foul Ball, location: 2F
0-1: Swinging Strike
0-2: Fly out, F7 (Flyball, 7LM, EV 73.1 MPH)
Top of the 1st over - 0 runs, 0 hits, 0 errors, 0 left on base; Montgomery 0 - Jacksonville 0
BOTTOM OF THE 1ST
Jacksonville Jumbo Shrimp batting - Pitching for Montgomery Biscuits : LHP Jeremy Birchard
Pitching: LHP Jeremy Birchard
Batting: RHB Lincoln Fabert 0-0: SINGLE (Line Drive, 8RS, EV 109.4 MPH)
Batting: RHB Miguel Marques 0-0: Ball
1-0: Foul Ball, location: 2F
1-1: Ball
2-1: Called Strike
2-2: Strikes out looking
Batting: SHB Ralph DiGirolamo 0-0: Ball
1-0: Called Strike
1-1: Ball
2-1: Ball
3-1: Called Strike
3-2: Fielders Choice at 2nd, 4-6 (Groundball, 4, EV 94.4 MPH)
Batting: RHB Javy Ramírez 0-0: Called Strike
0-1: Foul Ball, location: 2F
0-2: Ground out 5-3 (Groundball, 56S, EV 88.1 MPH)
Bottom of the 1st over - 0 runs, 1 hit, 0 errors, 1 left on base; Montgomery 0 - Jacksonville 0
TOP OF THE 2ND
Montgomery Biscuits batting - Pitching for Jacksonville Jumbo Shrimp : LHP Arno Calip
Batting: LHB Larry Aubin 0-0: Called Strike
0-1: Ball
1-1: Foul Ball, location: 2F
1-2: Ball
2-2: Foul Ball, location: 2F
2-2: SINGLE (Line Drive, 56D, EV 108.8 MPH)
Batting: LHB Iván Arevalo 0-0: Foul Ball, location: 2F
0-1: Ball
1-1: Ball
2-1: Grounds into double play, 4-6-3 (Groundball, 4, EV 100.0 MPH)
Batting: RHB Ryan Manson 0-0: Called Strike
0-1: Ground out 5-3 (Groundball, 56, EV 82.5 MPH)
Top of the 2nd over - 0 runs, 1 hit, 0 errors, 0 left on base; Montgomery 0 - Jacksonville 0
BOTTOM OF THE 2ND
Jacksonville Jumbo Shrimp batting - Pitching for Montgomery Biscuits : LHP Jeremy Birchard
Batting: RHB Bascom Lee 0-0: Called Strike
0-1: Ball
1-1: Foul Ball, location: 2F
1-2: Ball
2-2: Foul Ball, location: 2F
2-2: Ball
3-2: Foul Ball, location: 2F
3-2: Foul Ball, location: 2F
3-2: SINGLE (Groundball, 56D, EV 104.4 MPH)
Batting: RHB Mason Koesler 0-0: Ball
1-0: Foul Ball, location: 2F
1-1: Ball
2-1: Swinging Strike
2-2: Strikes out swinging
Batting: LHB Wyatt Carson 0-0: Ball
1-0: Ball
Wild Pitch!
Bascom Lee to second
2-0: Foul Ball, location: 2F
2-1: Ball
3-1: Ground out 4-3 (Groundball, 34, EV 76.9 MPH)
Bascom Lee to third
Batting: RHB Pablo Ibarra 0-0: Ball
1-0: Foul Ball, location: 2F
1-1: Ball
2-1: Ball
3-1: Fly out, F8 (Line Drive, 8RD, EV 104.4 MPH)
Bottom of the 2nd over - 0 runs, 1 hit, 0 errors, 1 left on base; Montgomery 0 - Jacksonville 0
TOP OF THE 3RD
Montgomery Biscuits batting - Pitching for Jacksonville Jumbo Shrimp : LHP Arno Calip
Batting: RHB Tom Willard 0-0: Called Strike
0-1: Ball
1-1: Swinging Strike
1-2: Foul Ball, location: 2F
1-2: Strikes out swinging
Batting: LHB Gavin Scarboro 0-0: Fly out, F9 (Flyball, 9LS, EV 81.2 MPH)
Batting: SHB Kevin Ezell 0-0: Called Strike
0-1: Ball
1-1: Called Strike
1-2: Ball
2-2: Foul Ball, location: 2F
2-2: Fly out, F9 (Flyball, 9LM, EV 96.2 MPH)
Top of the 3rd over - 0 runs, 0 hits, 0 errors, 0 left on base; Montgomery 0 - Jacksonville 0
BOTTOM OF THE 3RD
Jacksonville Jumbo Shrimp batting - Pitching for Montgomery Biscuits : LHP Jeremy Birchard
Batting: RHB Josh Henderson 0-0: Foul Ball, location: 2F
0-1: Ball
1-1: Ball
2-1: DOUBLE (Groundball, 5L, EV 98.8 MPH)
Batting: RHB Lincoln Fabert 0-0: Called Strike
0-1: Ball
1-1: SINGLE (Groundball, 56S, EV 73.8 MPH) (infield hit)
Josh Henderson to third
Batting: RHB Miguel Marques 0-0: Foul Ball, location: 2F
0-1: Ball
1-1: Called Strike
1-2: Strikes out swinging
Batting: SHB Ralph DiGirolamo 0-0: Foul Ball, location: 2F
0-1: Ball
1-1: Ball
2-1: Called Strike
2-2: Foul Ball, location: 2F
2-2: Foul Ball, location: 2F
2-2: Fielders Choice at 2nd, 5-4 (Groundball, 56, EV 81.2 MPH)
Josh Henderson scores
Batting: RHB Javy Ramírez 0-0: Ball
1-0: Ball
2-0: Called Strike
2-1: Ball
3-1: Base on Balls
Ralph DiGirolamo to second
Batting: RHB Bascom Lee 0-0: SINGLE (Groundball, 6MD, EV 96.9 MPH)
Ralph DiGirolamo to third
Javy Ramírez to second
Runner from 3rd tries for Home, SAFE, throw by CF to home
Batting: RHB Mason Koesler 0-0: Swinging Strike
0-1: Foul Ball, location: 2F
0-2: Fly out, F9 (Flyball, 9LD, EV 84.4 MPH)
Bottom of the 3rd over - 2 runs, 3 hits, 0 errors, 2 left on base; Montgomery 0 - Jacksonville 2
TOP OF THE 4TH
Montgomery Biscuits batting - Pitching for Jacksonville Jumbo Shrimp : LHP Arno Calip
Batting: RHB Jeff Fulbright 0-0: Called Strike
0-1: Ball
1-1: Swinging Strike
1-2: Strikes out swinging
Batting: LHB Jace Jones 0-0: Swinging Strike
0-1: SINGLE (Line Drive, 78S, EV 107.5 MPH)
Batting: RHB Sal Arias 0-0: Ball
1-0: SINGLE (Groundball, 6M, EV 90.6 MPH) (infield hit)
Jace Jones to second
Batting: LHB Larry Aubin 0-0: Ball
1-0: Swinging Strike
1-1: Ball
2-1: Ball
3-1: Swinging Strike
3-2: Fly out, F3 (Popup, 3F, EV 65.0 MPH)
Batting: LHB Iván Arevalo 0-0: Called Strike
0-1: Ball
1-1: Fly out, F6 (Popup, 6, EV 70.0 MPH)
Top of the 4th over - 0 runs, 2 hits, 0 errors, 2 left on base; Montgomery 0 - Jacksonville 2
BOTTOM OF THE 4TH
Jacksonville Jumbo Shrimp batting - Pitching for Montgomery Biscuits : LHP Jeremy Birchard
Batting: LHB Wyatt Carson 0-0: Called Strike
0-1: Foul Ball, location: 2F
0-2: Ball
1-2: Ball
2-2: Foul Ball, location: 2F
2-2: Foul Ball, location: 2F
2-2: Strikes out swinging
Batting: RHB Pablo Ibarra 0-0: Called Strike
0-1: Ball
1-1: Foul Ball, location: 2F
1-2: Ground out 6-3 (Groundball, 6, EV 81.9 MPH)
Batting: RHB Josh Henderson 0-0: Foul Ball, location: 2F
0-1: Ball
1-1: Ball
2-1: Ball
3-1: Foul Ball, location: 2F
3-2: DOUBLE (Flyball, 78D, EV 98.1 MPH)
Batting: RHB Lincoln Fabert 0-0: Ball
1-0: Ball
2-0: Ball
3-0: Called Strike
3-1: Swinging Strike
3-2: Foul Ball, location: 2F
3-2: Base on Balls
Pitching: RHP Rey Perez
Batting: RHB Miguel Marques 0-0: DOUBLE (Flyball, 78XD, EV 111.2 MPH)
Josh Henderson scores
Lincoln Fabert to third
Batting: SHB Ralph DiGirolamo 0-0: Ball
1-0: Foul Ball, location: 2F
1-1: Ball
2-1: Ball
3-1: Base on Balls
Batting: RHB Javy Ramírez 0-0: Called Strike
0-1: Ball
1-1: Fielders Choice at 2nd, 6-4 (Groundball, 56, EV 106.2 MPH)
Bottom of the 4th over - 1 run, 2 hits, 0 errors, 3 left on base; Montgomery 0 - Jacksonville 3
TOP OF THE 5TH
Montgomery Biscuits batting - Pitching for Jacksonville Jumbo Shrimp : LHP Arno Calip
Batting: RHB Ryan Manson 0-0: Swinging Strike
0-1: Foul Ball, location: 2F
0-2: Foul Ball, location: 2F
0-2: Ball
1-2: Strikes out looking
Batting: RHB Tom Willard 0-0: Ball
1-0: Ground out U3 (Groundball, 3, EV 92.5 MPH)
Batting: LHB Gavin Scarboro 0-0: Ball
1-0: Swinging Strike
1-1: Foul Ball, location: 2F
1-2: Reached on error, E4 (Groundball, 4M, EV 80.0 MPH)
Batting: SHB Kevin Ezell 0-0: Called Strike
0-1: Foul Ball, location: 2F
0-2: Ball
1-2: Ball
2-2: Foul Ball, location: 2F
2-2: Foul Ball, location: 2F
2-2: Strikes out looking
Top of the 5th over - 0 runs, 0 hits, 1 error, 1 left on base; Montgomery 0 - Jacksonville 3
BOTTOM OF THE 5TH
Jacksonville Jumbo Shrimp batting - Pitching for Montgomery Biscuits : RHP Rey Perez
Batting: RHB Bascom Lee 0-0: Foul Ball, location: 2F
0-1: Ground out 1-3 (Groundball, 13S, EV 71.2 MPH)
Batting: RHB Mason Koesler 0-0: Foul Ball, location: 2F
0-1: Ball
1-1: Fly out, F6 (Line Drive, 6, EV 68.1 MPH)
Batting: LHB Wyatt Carson 0-0: Ball
1-0: Called Strike
1-1: Swinging Strike
1-2: Ball
2-2: Ball
3-2: Foul Ball, location: 2F
3-2: Base on Balls
Batting: RHB Pablo Ibarra 0-0: Ball
1-0: Swinging Strike
1-1: Called Strike
1-2: Ball
2-2: Foul Ball, location: 2F
2-2: Ball
3-2: Reached on error, E5 (Groundball, 5, EV 103.1 MPH)
Wyatt Carson to second
Batting: RHB Josh Henderson 0-0: Ball
1-0: Called Strike
1-1: Ball
2-1: Ball
3-1: Base on Balls
Wyatt Carson to third
Pablo Ibarra to second
Batting: RHB Lincoln Fabert 0-0: Ball
1-0: Ball
Wild Pitch!
Wyatt Carson scores
Pablo Ibarra to third
Josh Henderson to second
2-0: Ball
3-0: Base on Balls
Batting: RHB Miguel Marques 0-0: Called Strike
0-1: Foul Ball, location: 2F
0-2: Ball
1-2: Ground out 5-3 (Groundball, 56S, EV 68.8 MPH)
Bottom of the 5th over - 1 run, 0 hits, 1 error, 3 left on base; Montgomery 0 - Jacksonville 4
TOP OF THE 6TH
Montgomery Biscuits batting - Pitching for Jacksonville Jumbo Shrimp : LHP Arno Calip
Batting: RHB Jeff Fulbright 0-0: Foul Ball, location: 2F
0-1: Foul Ball, location: 2F
0-2: SINGLE (Line Drive, 6MD, EV 100.0 MPH)
Batting: LHB Jace Jones 0-0: Ball
1-0: Ball
2-0: Called Strike
2-1: Grounds into double play, 1-6-3 (Groundball, 13S, EV 69.4 MPH)
Pitching: LHP Adrián Ogando
Batting: RHB Sal Arias 0-0: Foul Ball, location: 2F
0-1: DOUBLE (Line Drive, 9LM, EV 108.1 MPH)
Batting: LHB Larry Aubin 0-0: Ball
1-0: Called Strike
1-1: Fly out, F8 (Flyball, 8RD, EV 98.1 MPH)
Top of the 6th over - 0 runs, 2 hits, 0 errors, 1 left on base; Montgomery 0 - Jacksonville 4
BOTTOM OF THE 6TH
Jacksonville Jumbo Shrimp batting - Pitching for Montgomery Biscuits : RHP Rey Perez
Batting: SHB Ralph DiGirolamo 0-0: Called Strike
0-1: Foul Ball, location: 2F
0-2: Foul Ball, location: 2F
0-2: Ball
1-2: Fly out, F5 (Popup, 5SF, EV 78.1 MPH)
Batting: RHB Javy Ramírez 0-0: Ball
1-0: Foul Ball, location: 2F
1-1: Foul Ball, location: 2F
1-2: Ball
2-2: Foul Ball, location: 2F
2-2: Ball
3-2: Foul Ball, location: 2F
3-2: Ground out 5-3 (Groundball, 56S, EV 82.5 MPH)
Batting: RHB Bascom Lee 0-0: Ball
1-0: Ball
2-0: Fly out, F4 (Popup, 4MD, EV 53.8 MPH)
Bottom of the 6th over - 0 runs, 0 hits, 0 errors, 0 left on base; Montgomery 0 - Jacksonville 4
TOP OF THE 7TH
Montgomery Biscuits batting - Pitching for Jacksonville Jumbo Shrimp : LHP Adrián Ogando
Batting: LHB Iván Arevalo 0-0: Ball
1-0: Called Strike
1-1: Called Strike
1-2: Foul Ball, location: 2F
1-2: Ball
2-2: Strikes out swinging
Batting: RHB Ryan Manson 0-0: Foul Ball, location: 2F
0-1: Ball
1-1: Called Strike
1-2: Ground out 5-3 (Groundball, 56, EV 86.9 MPH)
Batting: RHB Tom Willard 0-0: Foul Ball, location: 2F
0-1: Ball
1-1: Swinging Strike
1-2: Foul Ball, location: 2F
1-2: Ball
2-2: Foul Ball, location: 2F
2-2: Ball
3-2: Foul Ball, location: 2F
3-2: Base on Balls
Batting: LHB Gavin Scarboro 0-0: Ball
1-0: Foul Ball, location: 2F
1-1: Swinging Strike
1-2: Fly out, F8 (Flyball, 8LD, EV 102.5 MPH)
Top of the 7th over - 0 runs, 0 hits, 0 errors, 1 left on base; Montgomery 0 - Jacksonville 4
BOTTOM OF THE 7TH
Jacksonville Jumbo Shrimp batting - Pitching for Montgomery Biscuits : RHP Rey Perez
Batting: RHB Mason Koesler 0-0: Ball
1-0: Called Strike
1-1: Foul Ball, location: 2F
1-2: Ball
2-2: Foul Ball, location: 2F
2-2: SINGLE (Line Drive, 8LS, EV 92.5 MPH)
Pitching: RHP Nagahisa Takahashi
Batting: LHB Wyatt Carson 0-0: Bunt - Flyout to 3S! F3
Batting: RHB Pablo Ibarra 0-0: Ball
1-0: Foul Ball, location: 2F
1-1: Foul Ball, location: 2F
1-2: Ball
2-2: DOUBLE (Line Drive, 89M, EV 106.2 MPH)
Mason Koesler to third
Batting: RHB Josh Henderson 0-0: Ball
1-0: Ground out 6-3 (Groundball, 6, EV 88.1 MPH)
Mason Koesler scores
Batting: RHB Lincoln Fabert 0-0: Ball
1-0: Called Strike
1-1: Foul Ball, location: 2F
1-2: Foul Ball, location: 2F
1-2: Reached on error, E4 (Groundball, 34, EV 96.2 MPH)
Pablo Ibarra scores
Batting: RHB Miguel Marques 0-0: Ground out 5-3 (Groundball, 5, EV 108.8 MPH)
Bottom of the 7th over - 2 runs, 2 hits, 1 error, 1 left on base; Montgomery 0 - Jacksonville 6
TOP OF THE 8TH
Montgomery Biscuits batting - Pitching for Jacksonville Jumbo Shrimp : LHP Adrián Ogando
Batting: SHB Kevin Ezell 0-0: Ground out 4-3 (Groundball, 4, EV 85.0 MPH)
Batting: RHB Jeff Fulbright 0-0: Ball
1-0: Swinging Strike
1-1: Ground out 5-3 (Groundball, 56S, EV 80.6 MPH)
Batting: LHB Jace Jones 0-0: Ball
1-0: Called Strike
1-1: Foul Ball, location: 2F
1-2: Foul Ball, location: 2F
1-2: Strikes out swinging
Top of the 8th over - 0 runs, 0 hits, 0 errors, 0 left on base; Montgomery 0 - Jacksonville 6
BOTTOM OF THE 8TH
Jacksonville Jumbo Shrimp batting - Pitching for Montgomery Biscuits : RHP Nagahisa Takahashi
Batting: SHB Ralph DiGirolamo 0-0: Called Strike
0-1: Foul Ball, location: 2F
0-2: Strikes out swinging
Batting: RHB Javy Ramírez 0-0: Ball
1-0: Called Strike
1-1: Ball
2-1: Ball
3-1: Fly out, F7 (Flyball, 7, EV 88.1 MPH)
Batting: RHB Bascom Lee 0-0: Ball
1-0: Ball
2-0: Foul Ball, location: 2F
2-1: Fly out, F7 (Flyball, 7LM, EV 72.5 MPH)
Bottom of the 8th over - 0 runs, 0 hits, 0 errors, 0 left on base; Montgomery 0 - Jacksonville 6
TOP OF THE 9TH
Montgomery Biscuits batting - Pitching for Jacksonville Jumbo Shrimp : LHP Adrián Ogando
Batting: RHB Sal Arias 0-0: Called Strike
0-1: Ball
1-1: Ball
2-1: Ball
3-1: Fly out, F4 (Popup, 4D, EV 45.6 MPH)
Batting: LHB Larry Aubin 0-0: Swinging Strike
0-1: Ball
1-1: Ball
2-1: Swinging Strike
2-2: Strikes out swinging
Batting: LHB Iván Arevalo 0-0: Called Strike
0-1: Swinging Strike
0-2: Foul Ball, location: 2F
0-2: SINGLE (Groundball, 4MD, EV 103.8 MPH)
Batting: RHB Ryan Manson 0-0: Ball
1-0: Swinging Strike
1-1: Foul Ball, location: 2F
1-2: Fielders Choice at 2nd, 6-4 (Groundball, 6, EV 85.6 MPH)
Top of the 9th over - 0 runs, 1 hit, 0 errors, 1 left on base; Montgomery 0 - Jacksonville 6
Monday, May 26th , 2025 - OOTP Baseball 25.11 Build 104